 Dungeon Crawl Stone Soup version 0.25-a0-340-ga1faa1601d (webtiles) character file.

Game seed: 17677084163794333968, levelgen mode: deterministic

2043 MisterOstroum the Cudgeler (level 9, -1/75 HPs)
             Began as a Mottled Draconian Fire Elementalist on Dec 29, 2019.
             Was an Initiate of Cheibriados.
             Slain by a killer bee (6 damage)
             ... on level 7 of the Dungeon.
             The game lasted 00:34:15 (7912 turns).

MisterOstroum the Cudgeler (DrFE)                   Turns: 7912, Time: 00:34:16

Health: -1/75      AC: 11    Str: 12    XL:     9   Next: 4%
Magic:  10/12      EV: 14    Int: 20    God:    Cheibriados [......]
Gold:   397        SH:  0    Dex: 12    Spells: 3/12 levels left

rFire    . . .     SeeInvis .   a - +4 whip (elec)
rCold    . . .     Gourm    .   (no shield)
rNeg     . . .     Faith    .   (armour unavailable)
rPois    +         Spirit   .   (helmet restricted)
rElec    .         Reflect  .   G - +2 cloak {rPois}
rCorr    .         Harm     .   v - +0 pair of gloves
MR       .....                  (no boots)
Stlth    +++.......             (no amulet)
HPRegen  0.22/turn              o - ring of poison resistance
MPRegen  0.13/turn              (no ring)

@: very slow
A: breathe sticky flame splash, unfitting armour, cold-blooded, AC +7
a: Bend Time, Renounce Religion


You were on level 7 of the Dungeon.
You worshipped Cheibriados.
Cheibriados was noncommittal.
You were very hungry.

You visited 2 branches of the dungeon, and saw 8 of its levels.

You collected 397 gold pieces.

Inventory:

Hand Weapons
 a - a +4 whip of electrocution (weapon)
 b - a +1 hunting sling
 B - a +2 scythe of distortion
 H - a +3 quarterstaff of chaos
Missiles
 d - 16 poisoned darts (quivered)
 g - 2 silver boomerangs
 h - 172 stones
 t - 62 sling bullets
 C - 2 boomerangs
 J - 100 arrows
Armour
 v - a +0 pair of gloves (worn)
 G - a +2 cloak of poison resistance (worn)
Jewellery
 o - a ring of poison resistance (left hand)
 x - a +5 amulet of reflection {unknown}
Wands
 s - a wand of disintegration (9)
 y - a wand of random effects (10)
 F - a wand of paralysis (9)
Scrolls
 c - 6 scrolls of enchant weapon
 f - a scroll of blinking {unknown}
 k - 6 scrolls of teleportation {@r3 !r}
 l - 2 scrolls of random uselessness {unknown}
 m - 3 scrolls of remove curse
 n - 5 scrolls of identify {@r1}
 p - a scroll of enchant armour {unknown}
 q - 2 scrolls of fog {unknown}
 r - 2 scrolls of magic mapping {unknown}
 w - a scroll of noise {unknown}
 D - a scroll of summoning {unknown}
 L - a scroll of immolation {unknown}
Potions
 i - 2 potions of mutation
 j - 2 potions of heal wounds
 u - 6 potions of might {@q3 !q}
 z - a potion of flight
 A - 2 potions of brilliance
 E - a potion of haste {@q4 !q}
 I - a potion of curing {@q1 !q}
 K - a potion of degeneration {unknown}
Comestibles
 e - 11 rations


   Skills:
 - Level 6.0 Fighting
 - Level 6.0 Maces & Flails
 - Level 4.6 Dodging
 - Level 4.3 Stealth
 - Level 2.3 Spellcasting
 - Level 2.6 Conjurations
 - Level 1.5 Hexes
 - Level 4.6 Fire Magic
 + Level 2.6 Evocations


You had 3 spell levels left.
You knew the following spells:

 Your Spells              Type           Power        Failure   Level  Hunger
a - Foxfire               Conj/Fire      ###.         3%          1    #......
b - Inner Flame           Hex/Fire       ##......     13%         3    ###....
c - Conjure Flame         Conj/Fire      ###.....     11%         3    ###....
d - Sticks to Snakes      Tmut           #.......     24%         2    ##.....

Your spell library contained the following spells:

 Spells                   Type           Power        Failure   Level  Hunger
 Confusing Touch          Hex            #.....       9%          1    #......
 Beastly Appendage        Tmut           #.....       16%         1    #......
 Confuse                  Hex            #.......     24%         3    ###....
 Gell's Gravitas          Tloc           #.........   43%         3    ###....
 Spider Form              Tmut/Pois      #.........   43%         3    ###....
 Sticky Flame             Conj/Fire      ###.....     34%         4    #####..
 Fireball                 Conj/Fire      ###.......   67%         5    ######.
 Ice Form                 Ice/Tmut       #.......     83%         4    #####..
 Petrify                  Tmut/Erth      #.......     83%         4    #####..
 Metabolic Englaciation   Hex/Ice        #.........   97%         5    ######.
 Yara's Violent Unravell  Hex/Tmut       #.........   97%         5    ######.
 Blade Hands              Tmut           #.........   99%         5    ######.


Dungeon Overview and Level Annotations

Branches:
Dungeon (7/15)             Temple (1/1) D:7

Altars:
Ashenzari
Cheibriados
Dithmenos
Elyvilon
Fedhas
Gozag
Hepliaklqana
Kikubaaqudgha
Makhleb
Qazlal
Ru
Trog
Uskayaw
Vehumet
Wu Jian
Xom
Yredelemnul
Zin

Annotations:
D:4 1 runed translucent door, Borgoz's ghost, amateur GrGl
D:5 1 runed translucent door


Innate Abilities, Weirdness & Mutations

You can spit globs of burning liquid.
You can ignite nearby creatures when you spit burning liquid.
Your scales are hard. (AC +7)
You cannot fit into any form of body armour.
You are cold-blooded and may be slowed by cold attacks.


Message History

You hear an angry buzzing noise.
The foxfire hits the centaur.
The centaur is lightly wounded.
The centaur shoots an arrow.
The arrow hits you but does no damage.
The centaur wields a +0 shortbow.
The centaur shoots an arrow.
The arrow hits you.
The centaur shoots an arrow.
The arrow hits you.
The foxfire hits the centaur.
The centaur is moderately wounded.
A killer bee comes into view.
You see here 3 arrows.
Casting: Foxfire (safe; 3% risk of failure)
Confirm with . or Enter, or press ? or * to list all spells.
You conjure some foxfire!
The foxfire hits the centaur.
The centaur is lightly wounded.
The centaur shoots an arrow.
The arrow misses you.
A killer bee comes into view. x2
An ogre comes into view. It is wielding a +0 giant club.
A killer bee comes into view.
Your foxfire dissipates!
The foxfire hits the killer bee but does no damage.
A killer bee comes into view.
The centaur shoots an arrow.
The arrow hits you but does no damage.
You see here 18 arrows.
The centaur shoots an arrow.
The arrow closely misses you.
A sky beast comes into view.
You see here an arrow.
Casting: Foxfire (safe; 3% risk of failure)
Confirm with . or Enter, or press ? or * to list all spells.
You conjure some foxfire!
The killer bee barely misses you. The killer bee misses you.
The killer bee closely misses you. The killer bee stings you.
The killer bee stings you but does no damage.
The killer bee stings you.
Your foxfire dissipates!
The foxfire hits the killer bee.
The killer bee is moderately wounded.
The killer bee completely misses you. The killer bee barely misses you.
The killer bee stings you.
The centaur unwields a +0 shortbow.
The centaur hits you but does no damage.
The killer bee misses you.
The centaur shoots an arrow.
The arrow hits you.
The sky beast flickers out of sight!
Deactivating autopickup; reactivate with Ctrl-A.
The killer bee misses you.
You see here an arrow.
You open the door. The killer bee misses you.
The killer bee closely misses you. x2; The killer bee completely misses you.
The killer bee stings you but does no damage.
The killer bee closely misses you.
The killer bee misses you. x2; The killer bee closely misses you.
The killer bee completely misses you.
There is an open door here.
Casting: Foxfire (safe; 3% risk of failure)
Confirm with . or Enter, or press ? or * to list all spells.
You conjure some foxfire!
The killer bee closely misses you. The killer bee stings you.
The killer bee closely misses you. The killer bee barely misses you.
You hit the killer bee.
Lightning courses through the killer bee!!
You kill the killer bee!
Cheibriados thoroughly appreciates the change of pace.
You barely miss the killer bee.
Your tail-slap misses the killer bee.
The killer bee is moderately wounded.
The killer bee closely misses you. x2
You hit the killer bee.
The killer bee is heavily wounded.
The killer bee barely misses you. x2
You whack the killer bee! You tail-slap the killer bee.
The killer bee is almost dead.
The killer bee stings you! The killer bee stings you.
The killer bee barely misses you. The killer bee closely misses you.
The killer bee barely misses you. The killer bee closely misses you.
The killer bee stings you.
* * * LOW HITPOINT WARNING * * *
The killer bee stings you but does no damage.
Unknown command.
Unknown command.
Unknown command.
Unknown command.
You miss the killer bee.
The killer bee is almost dead.
The killer bee barely misses you.
The killer bee stings you but does no damage.
You closely miss the killer bee.
The killer bee is almost dead.
The killer bee stings you but does no damage.
The killer bee completely misses you. The killer bee stings you.
* * * LOW HITPOINT WARNING * * *
The killer bee barely misses you.
The killer bee stings you but does no damage.
The killer bee closely misses you. x2; The killer bee stings you.
* * * LOW HITPOINT WARNING * * *
The killer bee stings you.
* * * LOW HITPOINT WARNING * * *
The killer bee stings you!
* * * LOW HITPOINT WARNING * * *
The killer bee stings you.
* * * LOW HITPOINT WARNING * * *
The killer bee closely misses you. The killer bee misses you.
The killer bee closely misses you. The killer bee stings you.
You die...

..........##...#####..........#
..........##...# #.#..#####.#
..........##...# #....#####.#
..........##...#######........#
...........†........##...######
..........(#O.c###....#..#
.......((cy#..c.......#..#
..........O##yyy#.#...#..#
...........##y@#.#.#..§..#
..............#.#.#.#.##§#
..........###..#.>.#......#
..........# #.#.#.#.#..##.#
..........# #..#.#.#..##
..........# #...#.#...# .......
#.........# ####......#
####......#


You could see an ogre, 2 centaurs and 4 killer bees.

Vanquished Creatures
  Sigmund (D:5)
  Menkaure (D:5)
  2 ice beasts
  An ogre (D:4)
  2 phantoms (D:5)
  A bullfrog (D:7)
  A gnoll sergeant (D:5)
  A scorpion (D:5)
  5 killer bees (D:7)
  2 howler monkeys
  A crimson imp (D:4)
  Crazy Yiuf (D:5)
  A bullfrog skeleton (D:7)
  A jelly (D:6)
  2 hounds
  2 orc priests (D:6)
  2 iguanas
  9 orc wizards
  Ijyb (D:5)
  2 worker ants
  A hound skeleton (D:7)
  4 adders
  3 gnolls (D:5)
  A shadow imp (D:5)
  2 oozes
  4 worms
  A dart slug (D:2)
  7 leopard geckos
  35 orcs
  4 giant cockroaches
  4 goblins (D:1)
  3 hobgoblins
  4 jackals (D:5)
  7 kobolds
  2 quokkas
  A ball python (D:3)
  6 bats
  5 frilled lizards
  A jackal skeleton (D:4)
  9 rats
  A plant (D:3)
144 creatures vanquished.

Vanquished Creatures (others)
  285 foxfires
285 creatures vanquished.

Grand Total: 429 creatures vanquished

Notes
Turn   | Place    | Note
-------+----------+-------------------------------------------
     0 | D:1      | MisterOstroum the Draconian Fire Elementalist began the
                  | quest for the Orb.
     0 | D:1      | Reached XP level 1. HP: 14/14 MP: 3/3
   350 | D:1      | Reached skill level 1 in Fighting
   350 | D:1      | Reached XP level 2. HP: 23/23 MP: 3/5
  1312 | D:2      | Reached XP level 3. HP: 28/29 MP: 4/6
  2096 | D:2      | Learned a level 3 spell: Inner Flame
  2561 | D:3      | Reached XP level 4. HP: 17/37 MP: 7/7
  2856 | D:3      | Reached skill level 1 in Maces & Flails
  3412 | D:3      | Reached XP level 5. HP: 40/42 MP: 8/8
  3599 | D:4      | Noticed an ogre
  3606 | D:3      | Learned a level 3 spell: Conjure Flame
  3628 | D:4      | Found a shimmering altar of Xom.
  3628 | D:4      | Found a glowing silver altar of Zin.
  3628 | D:4      | Noticed an angel
  3920 | D:4      | Found a runed translucent door.
  3923 | D:4      | Noticed Borgoz's ghost (amateur GrGl)
  4046 | D:4      | Found a hide-covered altar of Uskayaw.
  4086 | D:4      | Found a sacrificial altar of Ru.
  4134 | D:4      | Found a bloodstained altar of Trog.
  4652 | D:5      | Entered Level 5 of the Dungeon
  4833 | D:5      | Noticed Ijyb
  4847 | D:5      | Killed Ijyb
  4847 | D:5      | Reached XP level 6. HP: 51/51 MP: 0/9
  5022 | D:5      | Noticed Sigmund
  5036 | D:5      | Killed Sigmund
  5118 | D:5      | Your scales start taking on colour.
  5118 | D:5      | Reached XP level 7. HP: 57/57 MP: 3/10
  5705 | D:5      | Reached skill level 5 in Maces & Flails
  5716 | D:5      | Noticed Menkaure
  5725 | D:5      | Killed Menkaure
  5725 | D:5      | Reached XP level 8. HP: 34/66 MP: 4/11
  6116 | D:5      | Found a runed translucent door.
  6117 | D:5      | Noticed Crazy Yiuf
  6138 | D:5      | Killed Crazy Yiuf
  6263 | D:5      | Found a runed translucent door.
  6720 | D:5      | Reached skill level 5 in Fighting
  6878 | D:6      | Learned a level 2 spell: Sticks to Snakes
  7529 | D:7      | Reached skill level 1 in Hexes
  7626 | D:7      | Found a staircase to the Ecumenical Temple.
  7632 | Temple   | Entered the Ecumenical Temple
  7726 | Temple   | Became a worshipper of Cheibriados the Contemplative
  7775 | D:7      | Reached skill level 1 in Evocations
  7876 | D:7      | Reached XP level 9. HP: 67/75 MP: 10/12
  7912 | D:7      | Slain by a killer bee

Levels and vault maps discovered:
D:1:      mrwooster_arrival_statue, layout_loops_corners,
          chequers_serial_rivers_large_a, chequers_mini_garden,
          minmay_octomino_c4
D:2:      layout_basic, eino_curves_03
D:3:      layout_basic, serial_bayou, serial_bayou_pond_c, serial_bayou_shore_b,
          serial_bayou_lagoon_a, serial_bayou_pond_a, serial_bayou_shore_b
D:4:      layout_basic, eat_drink_and_be_merry_uskayaw,
          nicolae_overflow_crystal_walls, nicolae_ru_awakened_eye,
          grunt_temple_overflow_order_and_chaos_1,
          ebering_ghost_reflecting_pool, first_ration, minmay_between
D:5:      layout_gridville, lightli_church_of_beogh, uniq_menkaure, uniq_ijyb,
          uniq_crazy_yiuf_cottage, uniq_sigmund
D:6:      layout_cave_pools
D:7:      layout_basic, lemuel_coloured_pillars_altar, minmay_temple_entry_grid
Temple:   dshaligram_water_room_temple

Skill      XL: |  1  2  3  4  5  6  7  8 |
---------------+-------------------------+-----
Stealth        | 2 3 4 |  4.3
Fighting       | 1 2 3 4 6 |  6.0
Maces & Flails | 2 3 4 5 6 |  6.0
Dodging        | 2 3 4 |  4.6
Fire Magic     | 4 |  4.6
Conjurations   | 2 |  2.6
Hexes          | 1 |  1.5
Evocations     | 2 |  2.6
Spellcasting   | |  2.3

Action                   |  1- 3 |  4- 6 |  7- 9 || total
-------------------------+-------+-------+-------++-------
Melee: Whip              |    10 |    95 |   124 ||   229
       Tailslap          |     1 |    11 |    12 ||    24
       Dagger            |       |     1 |       ||     1
 Fire: Hunting sling     |    27 |    17 |    19 ||    63
Throw: Dart              |       |       |     2 ||     2
 Cast: Foxfire           |    49 |    56 |    71 ||   176
       Conjure Flame     |       |     2 |     5 ||     7
       Inner Flame       |       |     4 |    13 ||    17
Evoke: Wand              |       |       |     1 ||     1
  Use: Scroll            |     3 |     4 |     3 ||    10
 Stab: Sleeping          |       |     3 |     1 ||     4
  Eat: Chunk             |     6 |     9 |     7 ||    22
       Ration            |       |       |     1 ||     1
Armor: Skin              |     7 |    37 |    48 ||    92
Dodge: Dodged            |    21 |    74 |   125 ||   220

Table legend:
 A = Non-vault XP
 B = Vault XP
 C = Vault XP percentage of total XP
 D = Non-vault monster count
 E = Vault monster count
 F = Vault count percentage of total count
                 A         B        C        D         E       F
            +---------+---------+-------+---------+---------+-------
      Total |    2301 |     618 |  21.2 |     131 |      12 |   8.4
            +---------+---------+-------+---------+---------+-------
        D:1 |      23 |       9 |  28.1 |      15 |       7 |  31.8
        D:2 |      51 |       0 |   0.0 |      14 |       0 |   0.0
        D:3 |     115 |       0 |   0.0 |      23 |       0 |   0.0
        D:4 |     148 |     118 |  44.4 |      15 |       1 |   6.2
        D:5 |     828 |     491 |  37.2 |      30 |       4 |  11.8
        D:6 |     467 |       0 |   0.0 |      22 |       0 |   0.0
        D:7 |     669 |       0 |   0.0 |      12 |       0 |   0.0
            +---------+---------+-------+---------+---------+-------
